 Dungeon Crawl Stone Soup version 0.31-a0-818-ge7c7cf74f0 (webtiles) character file.

Game seed: 1700525531711029635

92688 freelancePsychic the Arsonist (level 15, 0/97 HPs)
             Began as a Deep Elf Air Elementalist on Sept 20, 2023.
             Was the Champion of Vehumet.
             Shot with a bolt by an orc knight (5 damage)
             ... on level 2 of the Orcish Mines on Sept 22, 2023.
             The game lasted 00:57:01 (27166 turns).

freelancePsychic the Arsonist (DEAE)               Turns: 27166, Time: 00:57:01

Health: 0/97       AC: 11    Str:  7    XL:     15   Next: 58%
Magic:  12/31      EV: 21    Int: 28    God:    Vehumet [******]
Gold:   2331       SH:  8    Dex: 15    Spells: 10/34 levels left

rFire   . . .        G - +0 demon whip (protect)
rCold   + . .        O - +2 buckler {rC+}
rNeg    . . .        N - +0 troll leather armour
rPois   .            a - +1 helmet
rElec   +            e - +0 cloak of Skepticism {rElec Str+2 Slay+3}
rCorr   .            J - +0 pair of gloves
SInv    .            g - +2 pair of boots
Will    +....        x - amulet of magic regeneration
Stlth   +++          s - ring of wizardry
HPRegen 1.16/turn    M - +5 ring of evasion
MPRegen 0.62/turn

%: wizardry (x1)
@: spiked, very slightly contaminated
A: no striking features
a: Renounce Religion


You were on level 2 of the Orcish Mines.
You worshipped Vehumet.
Vehumet was exalted by your worship.
You visited 4 branches of the dungeon, and saw 22 of its levels.
You also visited: Ossuary and Ice Cave.

You collected 2331 gold pieces.

Inventory:

Hand Weapons
 G - a +0 demon whip of protection (weapon)
 Q - a +3 hand cannon of freezing
Armour
 a - a +1 helmet (worn)
 e - the +0 cloak of Skepticism (worn) {rElec Str+2 Slay+3}
   (You acquired it on level 9 of the Dungeon)

   Str+2:     It affects your strength (+2).
   Slay+3:    It affects your accuracy & damage with ranged weapons and melee
   (+3).
   rElec:     It insulates you from electricity.
 g - a +2 pair of boots (worn)
 r - a +2 robe of resistance
 J - a +0 pair of gloves (worn)
 N - a +0 troll leather armour (worn)
 O - a +2 buckler of cold resistance (worn)
Jewellery
 s - a ring of wizardry (left hand)
 x - an amulet of magic regeneration (around neck)
 B - a ring of positive energy
 F - an amulet of guardian spirit
 M - a +5 ring of evasion (right hand)
Wands
 f - a wand of roots (5)
 i - a wand of polymorph (2)
 y - a wand of flame (49)
 P - a wand of digging (3)
 R - a wand of mindburst (6)
 T - a wand of light (4)
Scrolls
 h - 3 scrolls of fog
 n - a scroll of immolation
 q - 4 scrolls of silence
 u - 4 scrolls of revelation
 w - 6 scrolls of teleportation {@r4}
 I - 3 scrolls of vulnerability
 K - a scroll of butterflies
 L - 3 scrolls of amnesia
 S - 2 scrolls of identify {@r1}
Potions
 b - 2 potions of magic
 c - 6 potions of mutation
 d - 3 potions of attraction
 j - 7 potions of haste {@q3}
 l - 6 potions of degeneration
 m - 7 potions of enlightenment
 o - 9 potions of curing {@q1}
 t - 3 potions of lignification
 z - a potion of heal wounds {unknown}
 A - 3 potions of ambrosia
 C - 2 potions of might
 D - a potion of cancellation {unknown}
 E - 3 potions of berserk rage {unknown}
 H - a potion of invisibility {unknown}


   Skills:
 + Level 12.6 Fighting
 + Level 3.5 Armour
 - Level 12.0 Dodging
 - Level 5.0 Stealth
 - Level 7.0 Shields
 - Level 10.0 Spellcasting
 - Level 6.4 Conjurations
 * Level 14.5 Fire Magic
 - Level 6.2 Ice Magic
 - Level 11.0 Air Magic


You had 10 spell levels left.
You knew the following spells:

 Your Spells              Type           Power      Damage    Failure   Level
a - Shock                 Conj/Air       100%       1d9       1%          1
b - Airstrike             Air            33%        2d(5-21)  1%          4
c - Freezing Cloud        Conj/Ice/Air   27%        6-21      1%          5
d - Ignition              Fire           38%        3d11      16%         8
e - Plasma Beam           Fire/Air       35%        2x1d49    1%          6

Your spell library contained the following spells:

 Spells                   Type           Power      Damage    Failure   Level
 Iskenderun's Battlesphe  Conj           50%        2d10      2%          5
 Foxfire                  Conj/Fire      100%       2x1d9     1%          1
 Poisonous Vapours        Pois/Air       88%        N/A       1%          2
 Static Discharge         Conj/Air       100%       2-7/arc   1%          2
 Ignite Poison            Fire/Tmut/Pois 41%        N/A       1%          3
 Mephitic Cloud           Conj/Pois/Air  46%        N/A       1%          3
 Ozocubu's Armour         Ice            48%        N/A       1%          3
 Stone Arrow              Conj/Erth      64%        3d11      1%          3
 Swiftness                Air            66%        N/A       1%          3
 Sticky Flame             Conj/Fire      64%        2d8       1%          4
 Starburst                Conj/Fire      32%        6d10      2%          6
 Summon Small Mammal      Summ           56%        N/A       3%          1
 Call Canine Familiar     Summ           14%        N/A       11%         3
 Summon Guardian Golem    Hex/Summ       14%        N/A       11%         3
 Metabolic Englaciation   Hex/Ice        15%        N/A       26%         5
 Animate Armour           Summ/Erth      28%        N/A       32%         4
 Simulacrum               Ice/Necr       15%        N/A       78%         6
 Lehudib's Crystal Spear  Conj/Erth      16%        10d5      100%        8


Dungeon Overview and Level Annotations

Branches:
Dungeon (14/15) Temple (1/1) D:7 Lair (5/5) D:8 Swamp (0/4) Lair:3 Snake (0/4) Lair:3 Slime (0/5) Lair:4 Orc (2/2) D:12 Elf (0/3) Orc:1 Orc:2 Vaults (0/5) D:13 Ossuary (visited) IceCv (visited)

Altars:
Ashenzari
Cheibriados
Dithmenos
Elyvilon
Fedhas
Gozag
Hepliaklqana
Kikubaaqudgha
Makhleb
Nemelex Xobeh
Okawaru
Qazlal
Ru
Sif Muna
Trog
Uskayaw
Vehumet
Wu Jian
Xom
Yredelemnul
Zin
The Shining One

Shops:
D:6 *   D:13 (

Annotations:
D:4 2 runed translucent doors, Crazy Yiuf
D:5 exclusion: door
D:11 exclusion: boulder beetle
Lair:4 exclusion: oklob plant
Orc:2 1 runed translucent door, Sundig's ghost, journeyman DgFi


Message History

The soul eater is moderately wounded.
The fireball engulfs the orc high priest!!
You kill the orc high priest!
Vehumet accepts your kill.
You feel your power returning.
The red devil disappears in a puff of smoke!
The fireball engulfs the orc high priest!!
The orc high priest is heavily wounded.
The fireball engulfs the orc sorcerer!
You kill the orc sorcerer!
Vehumet accepts your kill.
You feel your power returning.
The rust devil disappears in a puff of smoke!
The soul eater disappears in a puff of smoke!
The fireball engulfs the orc high priest!
The orc high priest is almost dead.
The fireball engulfs the orc high priest!
You kill the orc high priest!
Vehumet accepts your kill.
You feel your power returning.
Your life force feels restored.
Okay, then.
You feel better.
The orc knight unwields a +2 glaive of venom.
It stops dripping with poison.
The orc knight wields a +0 arbalest.
The orc knight shoots a bolt.
The bolt hits you!!
* * * LOW HITPOINT WARNING * * *
You hear a shout!
An orc warrior comes into view. It is wielding a +0 trident.
Casting: Ignition (quite dangerous; 16% risk of failure)
Confirm with . or Enter, or press ? or * to list all spells.
Casting: Plasma Beam (dangerous; 1% risk of failure)
Press: ? - help, Dir - look around, f - activate The bolt of lightning hits the orc warrior!!
You kill the orc warrior!
Vehumet accepts your kill.
You feel your power returning.
An orc sorcerer comes into view. It is wielding a +0 dagger.
The orc knight shoots a bolt.
The bolt hits you.
You die...

..#...).....# #.<..#.#..
.####.......# §§.o..#.......#.
## #........# o.....#........#
##...#.)).## )§÷÷.÷#..#.....#
#...###....# )÷.).##..#......
##...###...####..o.##..........
##.## #....##.)÷..#....#......
### ##....)÷§.###....#....##
##...)@§##.....###.####
##...####.#.....### #####
#.........# ##.#.#...##
#####...# ##.## ###


You could see an orc knight (strong), an orc sorcerer (strong) and an orc priest
(strong).

Vanquished Creatures
  An ironbound preserver (D:13)
  Nessos (Orc:2)
  A hydra (Lair:5)
  An ice dragon (D:12)
  8 centaur warriors
  2 ironbound frosthearts (IceCv)
  6 boulder beetles
  4 catoblepae
  Erica (D:8)
  5 death yaks (IceCv)
  3 two-headed ogres
  3 orc high priests (Orc:2)
  Amaemon (D:8)
  A skyshark (Lair:5)
  A lindwurm (Lair:5)
  3 deep elf pyromancers
  4 orc sorcerers
  4 ugly things
  An oklob plant (Lair:4)
  6 orc knights
  7 cyclopes
  2 manticores (D:12)
  A salamander (Lair:3)
  2 black mambas
  An ice statue (IceCv)
  Joseph (D:8)
  A molten gargoyle (Orc:1)
  11 elephants
  A gargoyle (D:11)
  An orange demon (D:8)
  Psyche (D:8)
  3 unseen horrors
  14 cane toads
  A tengu conjurer (D:14)
  12 komodo dragons
  10 trolls
  A wind drake (shapeshifter) (D:13)
  25 polar bears
  2 large abominations (D:14)
  10 blink frogs
  A raiju (Lair:5)
  6 dream sheep
  Sigmund (D:5)
  3 centaur simulacra (D:12)
  A water elemental (D:13)
  A slime creature (D:13)
  A shadow (D:9)
  74 yaks
  5 wyverns
  3 wraiths
  A steam dragon (D:8)
  7 basilisks
  Edmund (D:6)
  5 vampire mosquitoes
  2 nagas (Lair:3)
  8 wargs
  20 water moccasins
  5 acid dragons
  14 hell hounds (Lair:5)
  A meliai simulacrum (D:13)
  22 orc warriors
  14 black bears
  5 ice beasts (D:12)
  3 sky beasts
  6 ogres
  48 wolves
  10 centaurs
  2 phantoms
  A kobold brigand (D:11)
  6 elf zombies (Ossuary)
  10 bullfrogs
  2 gnoll sergeants
  2 scorpions
  6 wights
  7 killer bees
  2 howler monkeys
  2 electric eels
  5 centaur zombies (Ossuary)
  6 hounds
  2 human zombies
  A jelly (D:4)
  10 orc priests
  3 sleepcaps
  9 iguanas
  23 orc wizards
  3 mummies (Ossuary)
  12 gnolls
  6 adders
  3 shadow imps
  8 white imps (D:12)
  3 ufetubi
  3 worms
  2 dart slugs
  73 orcs
  4 ball pythons
  6 endoplasms
  A giant cockroach (D:2)
  5 goblins
  5 hobgoblins
  11 kobolds
  2 quokkas (D:3)
  5 bats
  4 frilled lizards
  A kobold zombie (D:4)
  3 rats (D:1)
691 creatures vanquished.

Vanquished Creatures (others)
  An orc priest (Orc:2)
  An orc wizard (Orc:2)
  An orc (Orc:2)
3 creatures vanquished.

Grand Total: 694 creatures vanquished

Notes
Turn   | Place    | Note
-------+----------+-------------------------------------------
     0 | D:1      | freelancePsychic the Deep Elf Air Elementalist began the
                  | quest for the Orb.
     0 | D:1      | Reached XP level 1. HP: 10/10 MP: 6/6
   924 | D:1      | Reached XP level 2. HP: 16/16 MP: 5/8
  2021 | D:3      | Reached XP level 3. HP: 20/20 MP: 6/9
  2383 | D:3      | Reached skill level 1 in Fighting
  2956 | D:4      | Reached XP level 4. HP: 25/25 MP: 5/10
  2961 | D:4      | Learned a level 4 spell: Airstrike
  3206 | D:4      | Noticed a bullfrog
  3215 | D:4      | Killed a bullfrog
  3216 | D:4      | Reached XP level 5. HP: 28/29 MP: 7/11
  3331 | D:4      | Reached skill level 5 in Stealth
  3432 | D:4      | Noticed a human
  3433 | D:4      | Found a runed translucent door.
  3617 | D:4      | Found a basalt altar of Yredelemnul.
  3676 | D:4      | Found a runed translucent door.
  3677 | D:4      | Noticed Crazy Yiuf
  3886 | D:5      | Entered Level 5 of the Dungeon
  3890 | D:5      | Noticed Sigmund
  3913 | D:5      | Reached skill level 5 in Air Magic
  3913 | D:5      | Reached XP level 6. HP: 24/35 MP: 3/12
  4287 | D:5      | Found an iron altar of Okawaru.
  4535 | D:5      | Reached XP level 7. HP: 41/41 MP: 0/14
  4765 | D:5      | Noticed a yak
  4775 | D:5      | Killed a yak
  5328 | D:5      | Reached XP level 8. HP: 48/48 MP: 12/17
  5838 | D:5      | Killed Sigmund
  5839 | D:5      | Reached skill level 5 in Spellcasting
  6212 | D:6      | Found Sikkikea's Gadget Gallery.
  6376 | D:6      | Found a sand-covered staircase.
  6381 | Ossuary  | Entered an ossuary
  6745 | Ossuary  | Reached XP level 9. HP: 47/53 MP: 11/21
  6869 | Ossuary  | Reached skill level 5 in Fighting
  7928 | D:6      | Noticed Edmund
  7973 | D:6      | Killed Edmund
  8299 | D:7      | Reached skill level 1 in Ice Magic
  8427 | D:7      | Found a staircase to the Ecumenical Temple.
  8528 | Temple   | Entered the Ecumenical Temple
  8645 | Temple   | Became a worshipper of Vehumet
  9316 | D:7      | Learned a level 5 spell: Freezing Cloud
  9727 | D:7      | Reached skill level 1 in Shields
  9936 | D:8      | Noticed Joseph
 10103 | D:8      | Reached XP level 10. HP: 60/60 MP: 11/23
 10139 | D:8      | Found a staircase to the Lair.
 10236 | D:8      | Noticed an orange demon
 10238 | D:8      | Noticed Amaemon
 10332 | D:8      | Reached * piety under Vehumet
 10332 | D:8      | Offered knowledge of Sandblast by Vehumet.
 10333 | D:8      | Reached skill level 10 in Air Magic
 10397 | D:8      | Noticed Erica
 10402 | D:8      | Killed Erica
 10559 | D:8      | Killed Amaemon
 10623 | D:8      | Reached skill level 5 in Conjurations
 10652 | D:8      | Found a shimmering altar of Xom.
 10654 | D:8      | Noticed Psyche
 10661 | D:8      | Killed Psyche
 10730 | D:8      | Killed an orange demon
 10731 | D:8      | Reached skill level 5 in Ice Magic
 11016 | D:8      | Killed Joseph
 11017 | D:8      | Reached skill level 5 in Shields
 11458 | D:9      | Reached XP level 11. HP: 66/66 MP: 19/24
 11624 | D:9      | You fall into a shaft and drop 1 floor!
 11624 | D:10     | Entered Level 10 of the Dungeon
 12436 | D:9      | Identified a scroll of acquirement
 12436 | D:9      | Acquired the +0 cloak of Skepticism {rElec Str+2 Slay+3}
 12459 | D:9      | Noticed a two-headed ogre
 12463 | D:9      | Killed a two-headed ogre
 13004 | D:11     | Noticed a boulder beetle
 13078 | D:11     | Noticed a two-headed ogre
 13082 | D:11     | Killed a two-headed ogre
 13277 | D:11     | Reached skill level 5 in Dodging
 13348 | D:11     | Reached ** piety under Vehumet
 13349 | D:11     | Offered knowledge of Magic Dart by Vehumet.
 13425 | D:11     | Found a stormy altar of Qazlal.
 13763 | Lair:1   | Entered Level 1 of the Lair of Beasts
 14073 | Lair:1   | Reached skill level 10 in Spellcasting
 14133 | Lair:1   | Offered knowledge of Frozen Ramparts by Vehumet.
 14134 | Lair:1   | Reached XP level 12. HP: 73/73 MP: 17/28
 14752 | Lair:2   | Reached *** piety under Vehumet
 15025 | Lair:2   | Noticed a boulder beetle
 15126 | Lair:2   | Noticed a boulder beetle
 15322 | Lair:3   | Noticed a catoblepas
 15338 | Lair:3   | Killed a catoblepas
 15419 | Lair:3   | Offered knowledge of Inner Flame by Vehumet.
 15466 | Lair:3   | Found a staircase to the Swamp.
 15491 | Lair:3   | Reached **** piety under Vehumet
 15618 | Lair:3   | Offered knowledge of Fulminant Prism by Vehumet.
 16036 | Lair:3   | Found a staircase to the Snake Pit.
 16541 | Lair:4   | Noticed a boulder beetle
 16568 | Lair:3   | Reached XP level 13. HP: 33/80 MP: 21/29
 16904 | Lair:4   | Reached skill level 10 in Dodging
 17256 | Lair:4   | Reached skill level 1 in Fire Magic
 17380 | Lair:4   | Reached skill level 2 in Fire Magic
 17635 | Lair:4   | Reached skill level 10 in Fighting
 17636 | Lair:4   | Reached skill level 3 in Fire Magic
 17871 | Lair:4   | Learned a level 8 spell: Ignition
 17957 | Lair:4   | Reached skill level 4 in Fire Magic
 17977 | Lair:4   | Found a staircase to the Slime Pits.
 18235 | Lair:5   | Entered Level 5 of the Lair of Beasts
 18497 | Lair:5   | Reached skill level 5 in Fire Magic
 18740 | Lair:5   | Reached ***** piety under Vehumet
 18741 | Lair:5   | Offered knowledge of Flame Wave by Vehumet.
 18742 | Lair:5   | Reached skill level 6 in Fire Magic
 18949 | Lair:5   | Reached skill level 7 in Fire Magic
 19614 | Lair:5   | Reached skill level 8 in Fire Magic
 19621 | Lair:5   | Reached XP level 14. HP: 88/88 MP: 16/30
 19718 | Lair:5   | Offered knowledge of Conjure Ball Lightning by Vehumet.
 20506 | D:12     | Found a staircase to the Orcish Mines.
 20604 | D:12     | Found a frozen archway.
 20609 | D:12     | Reached skill level 9 in Fire Magic
 20915 | IceCv    | Entered an ice cave
 21491 | IceCv    | Reached skill level 10 in Fire Magic
 22007 | IceCv    | Reached skill level 11 in Fire Magic
 22171 | IceCv    | Identified the +0 scale mail of the Arcane {rPois}
 22340 | D:12     | Learned a level 6 spell: Plasma Beam
 22850 | D:12     | Identified the +0 leather armour of Mirth {Will+}
 23281 | D:13     | Upgraded the game from 0.31-a0-806-g0bc164a743 to
                  | 0.31-a0-818-ge7c7cf74f0
 23417 | D:13     | Reached skill level 12 in Fire Magic
 23417 | D:13     | Offered knowledge of Spellforged Servitor by Vehumet.
 23891 | D:13     | Noticed an ironbound preserver
 23896 | D:13     | Killed an ironbound preserver
 23928 | D:13     | Identified the +1 hand axe "Sibalav" {speed, Stlth+}
 23987 | D:13     | HP: 3/92 [centaur warrior/arrow (11)]
 24284 | D:13     | Reached XP level 15. HP: 96/96 MP: 17/31
 24307 | D:13     | Found a gate to the Vaults.
 24371 | D:13     | Reached skill level 13 in Fire Magic
 24390 | D:13     | Reached skill level 1 in Armour
 24498 | D:13     | Found a glowing golden altar of the Shining One.
 24740 | D:13     | Found Zyqakh's Weapon Shoppe.
 25114 | D:14     | Found a broken altar of Ashenzari.
 25387 | Orc:1    | Entered Level 1 of the Orcish Mines
 26250 | Orc:2    | Entered Level 2 of the Orcish Mines
 26250 | Orc:2    | Found a staircase to the Elven Halls.
 26253 | Orc:2    | Reached skill level 14 in Fire Magic
 26486 | Orc:2    | Reached ****** piety under Vehumet
 26806 | Orc:2    | Found a runed translucent door.
 26816 | Orc:2    | Noticed Sundig's ghost (journeyman DgFi)
 26904 | Orc:2    | Noticed Nessos
 26906 | Orc:2    | Killed Nessos
 27109 | Orc:2    | Offered knowledge of Iskenderun's Battlesphere by Vehumet.
 27165 | Orc:2    | HP: 4/97 [orc knight/bolt (26)]
 27166 | Orc:2    | Shot with a bolt by an orc knight

Illustrated notes

Levels and vault maps discovered:
D:1:      shiori_arrival_elements, layout_loops_ring, minmay_ruptured
D:2:      layout_loops_ring
D:3:      layout_rooms
D:4:      layout_basic, dk_yredelemnul_ordeal, uniq_crazy_yiuf_cottage
D:5:      layout_basic, mainiacjoe_overflow_small_starburst,
          minmay_divided_ellipse, uniq_sigmund
D:6:      layout_gridville, enter_ossuary_2, nicolae_shop_gadgets, uniq_edmund
D:7:      layout_loops_corners, minmay_temple_entry_grid, columned_hall_lemuel
D:8:      layout_basic, xom_teletrap_fun, minmay_lair_entry_grove,
          serial_curves, eino_curves_01, eino_curves_02, palyth_stone_intersect,
          uniq_amaemon, uniq_psyche, uniq_erica, uniq_joseph
D:9:      layout_cave_pools
D:10:     layout_irregular_city, hangedman_decor_slide_cut
D:11:     layout_irregular_city, nicolae_qazlal_general_emergency
D:12:     layout_basic, portal_ice_cave_entry_animals_and_master, serial_ice,
          serial_ice_a, serial_ice_m, serial_ice_k, serial_ice_e, serial_ice_n,
          serial_ice_c, serial_ice_b
D:13:     layout_basic, skrybe_vaults_entry_preservation, serial_shops,
          kennysheep_little_box, serial_bayou_pond_b, tso_oasis_becter
D:14:     dreamdust_black_sun_cult, layout_long_grid,
          nicolae_ashenzari_panopticon, roderic_nine_men_s_morris
Temple:   compressed_dpeg_triangle_lava_temple
Lair:1:   layout_roguey, beast_lair_carwin_9
Lair:2:   layout_chaotic_city, minmay_holes, grunt_forest_small_clearing_treed
Lair:3:   layout_layer_cave, minmay_swamp_entry_swarm,
          alex1729_snake_entry_snake, grunt_megastairs_5, serial_bayou_shore_b
Lair:4:   layout_cave_pods, minmay_slime_entry_oklob_open
Lair:5:   hangedman_lair_caniforms_friends, layout_long_grid, wormcave
Orc:1:    layout_caves, nicolae_orc_lava_tube
Orc:2:    grunt_orc_tribal_feast, layout_caves, hellmonk_ghost_happy_afterlife,
          nicolae_orc_sculptors_studio, minmay_orc_barracks, uniq_nessos

Skill      XL: |  1  2  3  4  5  6  7  8  9 10 11 12 13 14 15 |
---------------+----------------------------------------------+-----
Stealth        | 3 4 5 |  5.0
Fighting       | 1 2 3 4 6 8 9 10 12 | 12.6
Air Magic      | 4 5 6 7 8 9 10 11 | 11.0
Spellcasting   | 4 6 7 10 | 10.0
Ice Magic      | 3 5 6 |  6.2
Conjurations   | 3 5 6 |  6.4
Shields        | 2 5 6 7 |  7.0
Dodging        | 6 9 11 12 | 12.0
Fire Magic     | 8 12 14 | 14.5
Armour         | 3 |  3.5

Action                     |  1- 3 |  4- 6 |  7- 9 | 10-12 | 13-15 || total
---------------------------+-------+-------+-------+-------+-------++-------
  Melee: Short sword       |     9 |    31 |    31 |       |       ||    71
         Demon whip        |       |       |       |    28 |   147 ||   175
   Fire: Hand cannon       |       |       |       |       |    20 ||    20
   Cast: Shock             |   115 |    63 |    61 |    22 |    14 ||   275
         Airstrike         |       |    12 |   121 |   153 |   243 ||   529
         Freezing Cloud    |       |       |       |    78 |   116 ||   194
         Plasma Beam       |       |       |       |       |   144 ||   144
         Ignition          |       |       |       |       |     6 ||     6
  Evoke: Wand              |       |     2 |       |     2 |     3 ||     7
    Use: Scroll            |     5 |     2 |     4 |    13 |    13 ||    37
         Potion            |       |       |     1 |     2 |     6 ||     9
   Stab: Sleeping          |       |     1 |       |       |       ||     1
 Armour: Robe              |    13 |    21 |    52 |    85 |   173 ||   344
         Troll leather arm |       |       |       |       |    63 ||    63
  Dodge: Dodged            |    11 |    14 |    38 |    49 |   319 ||   431
  Block: Buckler           |       |       |     1 |    14 |   130 ||   145

Table legend: (Time is in decaauts)
 A = Elapsed time spent in this place.
 B = Non-inter-level travel time spent in this place.
 C = Inter-level travel time spent in this place.
 D = Time resting spent in this place.
 E = Time spent auto-exploring this place.
 F = Levels seen in this place.
 G = Mean time per level.
                   A        B        C        D        E       F      G
               +--------+--------+--------+--------+--------+-----+--------+
         Total |  27260 |  25860 |   1400 |   2523 |  19154 |  24 | 1135.8 |
       Dungeon |  16197 |  15064 |   1133 |   1483 |  11235 |  14 | 1156.9 |
        Temple |    322 |    310 |     12 |    284 |      0 |   1 |  322.0 |
          Lair |   6660 |   6416 |    244 |    421 |   5053 |   5 | 1332.0 |
  Orcish Mines |   1705 |   1695 |     10 |     14 |   1327 |   2 |  852.5 |
       Ossuary |   1020 |   1020 |      0 |    124 |    738 |   1 | 1020.0 |
      Ice Cave |   1354 |   1354 |      0 |    197 |    800 |   1 | 1354.0 |
               +--------+--------+--------+--------+--------+-----+--------+

Top non-repeatable levels by time:
     D:5: 1907 daAuts
    D:12: 1703 daAuts
  Lair:4: 1673 daAuts
  Lair:5: 1595 daAuts
    D:13: 1587 daAuts
     D:8: 1573 daAuts
  Lair:3: 1418 daAuts
     D:7: 1389 daAuts
     D:4: 1374 daAuts
   IceCv: 1354 daAuts
     D:6: 1156 daAuts
     D:1: 1088 daAuts
 Ossuary: 1020 daAuts
  Lair:2: 1009 daAuts
  Lair:1: 962 daAuts
